 Dungeon Crawl Stone Soup version 0.30.1-3-gfc49f6343a (webtiles) character file.

Game seed: 15687684872977925532

3008 Martska the Fighter (level 9, -7/82 HPs)
             Began as a Minotaur Fighter on July 18, 2023.
             Was a Priest of Qazlal.
             Mangled by a sun demon (22 damage)
             ... summoned by a kobold demonologist
             ... in a bailey.
             The game lasted 00:11:37 (5238 turns).

Martska the Fighter (Minotaur Fighter)              Turns: 5238, Time: 00:11:38

Health: -7/82      AC:  8    Str: 25    XL:     9   Next: 54%
Magic:  12/12      EV: 17    Int:  5    God:    Qazlal [***...]
Gold:   385        SH:  9    Dex: 10    Spells: 8/8 levels left

rFire   . . .        A - +4 hand axe
rCold   . . .        c - +0 buckler
rNeg    . . .        b - +0 scale mail
rPois   .            (helmet restricted)
rElec   .            (no cloak)
rCorr   .            z - +0 pair of gloves
SInv    +            (no boots)
Will    .....        f - amulet of the acrobat Stlth
                     D - +5 ring of evasion
HPRegen 0.33/turn    t - ring of see invisible
MPRegen 0.13/turn

%: acrobat
@: flying
A: horns 2, retaliatory headbutt
a: Renounce Religion, Upheaval, Elemental Force


You were in a bailey.
You worshipped Qazlal.
Qazlal was most pleased with you.
You visited 1 branch of the dungeon, and saw 7 of its levels.
You also visited: Bailey.

You collected 415 gold pieces.
You spent 30 gold pieces at shops.

Inventory:

Hand Weapons
 a - a +0 war axe
 A - a +4 hand axe (weapon)
Armour
 b - a +0 scale mail (worn)
 c - a +0 buckler (worn)
 v - a +2 helmet
 z - a +0 pair of gloves (worn)
Jewellery
 f - an amulet of the acrobat (around neck)
 g - a ring of protection from fire
 t - a ring of see invisible (right hand)
 B - an amulet of the acrobat
 D - a +5 ring of evasion (left hand)
 G - a ring of flight
Wands
 d - a wand of quicksilver (11)
 y - a wand of charming (18)
Scrolls
 i - 10 scrolls of identify {unknown}
 l - a scroll of torment {unknown}
 m - a scroll of noise {unknown}
 o - 4 scrolls of vulnerability {unknown}
 q - a scroll of teleportation {unknown}
 s - 3 scrolls of fog {unknown}
 u - a scroll of poison {unknown}
 x - 2 scrolls of amnesia {unknown}
 E - a scroll of enchant armour {unknown}
 H - a scroll of silence {unknown}
 J - a scroll of acquirement
Potions
 e - 3 potions of curing
 h - a potion of ambrosia {unknown}
 j - 2 potions of heal wounds {unknown}
 k - 3 potions of flight
 n - 2 potions of invisibility {unknown}
 p - 2 potions of attraction {unknown}
 r - a potion of mutation {unknown}
 w - a potion of brilliance {unknown}
 C - a potion of resistance {unknown}
 F - a potion of lignification {unknown}
 I - 7 potions of degeneration


   Skills:
 * Level 8.7 Fighting
 * Level 8.7 Axes
 - Level 4.3 Armour
 * Level 6.9 Dodging
 - Level 4.0 Shields
 * Level 5.9 Invocations


You had 8 spell levels left.
You didn't know any spells.
Your spell library contained the following spells:

 Spells                   Type           Power      Damage    Failure   Level
 Ensorcelled Hibernation  Hex/Ice        0%         N/A       91%         2
 Lesser Beckoning         Tloc           0%         N/A       91%         2
 Scorch                   Fire           0%         2d5       91%         2
 Gell's Gravitas          Tloc           0%         N/A       99%         3
 Spider Form              Tmut/Pois      0%         N/A       99%         3
 Teleport Other           Tloc           0%         N/A       99%         3
 Anguish                  Hex/Necr       0%         N/A       100%        4
 Flame Wave               Conj/Fire      0%         2d4       100%        4
 Summon Cactus Giant      Summ           0%         N/A       100%        6


Dungeon Overview and Level Annotations

Branches:
Dungeon (7/15)             Temple (0/1) D:6          Bailey (1/1)

Altars:
Cheibriados
Nemelex Xobeh
Okawaru
Qazlal
Xom
The Shining One

Shops:
D:3 =   D:4 !

Annotations:
D:5 1 runed translucent door, Anriel's ghost, novice HuFi


Innate Abilities, Weirdness & Mutations

You have a pair of horns on your head.
You reflexively headbutt those who attack you in melee.


Message History

The orc warrior shouts!
You hear a shout!
The kobold demonologist gestures wildly while chanting.
A gnoll comes into view. It is wielding a +0 hand axe.
You slash the hobgoblin!
You kill the hobgoblin!
Qazlal accepts your kill.
The kobold demonologist looks encouraged for a moment.
You slash the gnoll!
The gnoll is severely wounded.
The kobold demonologist mumbles some strange words.
You block the gnoll's attack.
You slash the gnoll!
You kill the gnoll!
Qazlal accepts your kill.
You closely miss the orc warrior. Your headbutt misses the orc warrior.
The shadow imp shouts, "Scamper home, thou feeble two-tin-hat bovine!"
The orc warrior hits you with a +0 broad axe!
The kobold demonologist mumbles some strange words.
It was a potion of flight.
You feel very buoyant.
You fly up into the air.
The white imp disappears in a puff of smoke!
An orc warrior comes into view. It is wielding a +0 war axe.
The kobold demonologist looks braver for a moment.
You slash the orc warrior!
You headbutt the orc warrior, but do no damage.
The orc warrior is moderately wounded.
The orc warrior barely misses you. The sun demon hits you.
You are engulfed in flames!
You hit the orc warrior but do no damage.
The orc warrior is moderately wounded.
You barely miss the sun demon. The sun demon hits you!!
You are engulfed in flames!
* * * LOW HITPOINT WARNING * * *
The orc warrior hits you with a +0 war axe.
* * * LOW HITPOINT WARNING * * *
You hit the orc warrior.
The orc warrior is moderately wounded.
You hit the sun demon. The sun demon hits you!!
You die...

#≈≈≈≈≈#...)'.....#)......#
#≈≈≈≈≈#...)#.....).8.8.8.#
#≈≈≈≈≈#.##############...####
#≈≈≈≈≈~.#[[+ #..)...#
#≈≈≈≈≈~.#[[# .#..)...#
#≈≈≈≈≈~.#..# ..#####''#
#≈≈≈≈≈~.######### ...##.....#
#≈≈≈≈≈~.#..8.8o.#K...##...).'
#≈≈≈≈≈~∩...o@355)5_..##..⌠..'
#≈≈≈≈≈~.#..8.8..#....##.....'
#≈≈≈≈≈~.######### ...##.....#
#≈≈≈≈≈~.# ..#####++#
#≈≈≈≈≈~.# .# # #≈≈≈≈≈~.#. # #
#≈≈≈≈≈#.## # #≈≈≈≈≈#..


You could see a sun demon (summoned), a kobold demonologist, 2 orc warriors, an
iron imp (summoned), a quasit (summoned) and a shadow imp (summoned).

Vanquished Creatures
  An orc sorcerer (Bailey)
  Sigmund (D:6)
  Eustachio (D:5)
  Pargi (D:3)
  2 ice beasts (D:6)
  4 orc warriors (Bailey)
  5 ogres
  A black bear (D:4)
  2 centaurs
  An electric eel (Bailey)
  4 howler monkeys
  A quasit (D:6)
  3 hounds
  3 jellies
  A gnoll bouda (D:5)
  2 iguanas
  3 orc wizards
  13 gnolls
  10 adders
  8 shadow imps
  3 white imps (D:6)
  4 ufetubi
  2 worms (D:3)
  6 dart slugs
  22 orcs
  7 bats
  2 endoplasms
  4 giant cockroaches
  9 hobgoblins
  3 jackals (D:3)
  A quokka (D:5)
  5 ball pythons
  3 frilled lizards
  18 goblins
  4 kobolds
  4 rats
164 creatures vanquished.

Notes
Turn   | Place    | Note
-------+----------+-------------------------------------------
     0 | D:1      | Martska the Minotaur Fighter began the quest for the Orb.
     0 | D:1      | Reached XP level 1. HP: 19/19 MP: 0/0
   117 | D:1      | Reached XP level 2. HP: 27/27 MP: 1/1
   587 | D:2      | Reached XP level 3. HP: 33/33 MP: 2/2
   804 | D:2      | Reached skill level 1 in Dodging
  1549 | D:3      | Found Zirr's Jewellery Shoppe.
  1559 | D:3      | Reached XP level 4. HP: 41/41 MP: 3/3
  1621 | D:3      | Noticed a centaur
  1627 | D:3      | Killed a centaur
  1628 | D:3      | Reached XP level 5. HP: 44/47 MP: 4/4
  1647 | D:3      | Found a stormy altar of Qazlal.
  1728 | D:3      | Became a worshipper of Qazlal Stormbringer
  1913 | D:3      | Noticed an ogre
  1922 | D:3      | Killed an ogre
  1923 | D:3      | Reached skill level 5 in Fighting
  1923 | D:3      | Reached skill level 1 in Invocations
  1923 | D:3      | Reached XP level 6. HP: 56/56 MP: 5/5
  1966 | D:3      | Noticed Pargi
  1967 | D:3      | Reached skill level 5 in Axes
  1989 | D:3      | Killed Pargi
  2604 | D:4      | Reached * piety under Qazlal
  2668 | D:4      | Reached XP level 7. HP: 62/62 MP: 7/7
  2870 | D:4      | Found a sparkling altar of Nemelex Xobeh.
  2873 | D:4      | You fall into a shaft and drop 2 floors!
  3034 | D:6      | Reached XP level 8. HP: 71/71 MP: 9/9
  3043 | D:6      | Found a staircase to the Ecumenical Temple.
  3104 | D:5      | Entered Level 5 of the Dungeon
  3106 | D:5      | Reached ** piety under Qazlal
  3121 | D:5      | Found a runed translucent door.
  3125 | D:5      | Noticed Anriel's ghost (novice HuFi)
  3128 | D:5      | Noticed Eustachio
  3147 | D:5      | Killed Eustachio
  3148 | D:5      | Reached skill level 5 in Dodging
  3313 | D:5      | Found a snail-covered altar of Cheibriados.
  3314 | D:5      | Found a shimmering altar of Xom.
  3314 | D:5      | Found a glowing golden altar of the Shining One.
  3740 | D:4      | Found Bacops's Distillery.
  3753 | D:4      | Bought a potion of curing for 30 gold pieces
  4058 | D:6      | Noticed Sigmund
  4067 | D:6      | Killed Sigmund
  4079 | D:6      | Reached *** piety under Qazlal
  4204 | D:6      | Found an iron altar of Okawaru.
  4227 | D:6      | Reached skill level 5 in Invocations
  4454 | D:6      | Reached XP level 9. HP: 81/81 MP: 11/11
  4659 | D:7      | Found a flagged portal.
  4671 | Bailey   | Entered a bailey
  4941 | Bailey   | Noticed an orc sorcerer
  4953 | Bailey   | Noticed a sixfirhy
  4957 | Bailey   | Noticed an orange demon
  4957 | Bailey   | HP: 2/82 [orc sorcerer/+0 war axe (7)]
  4963 | Bailey   | Killed an orc sorcerer
  5226 | Bailey   | Found an iron altar of Okawaru.
  5227 | Bailey   | Noticed a kobold demonologist
  5230 | Bailey   | Noticed a sun demon
  5238 | Bailey   | Mangled by a sun demon

Illustrated notes

Levels and vault maps discovered:
D:1:      erik_arrival_triangle_small, layout_basic,
          chequers_serial_rivers_micro_c, minmay_small_reverse_x
D:2:      layout_basic
D:3:      layout_basic, pf_just_have_faith, serial_shops, shop,
          minmay_ogre_servants, uniq_pargi
D:4:      layout_rooms, nemelex_dance_club_becter, serial_shops,
          nicolae_shop_trees
D:5:      layout_rooms, chequers_temple_overflow_statue_of_worship,
          gammafunk_ghost_grave, kennysheep_generic_room_8, uniq_eustachio
D:6:      layout_loops_ring, lemuel_tele_altar, minmay_temple_entry_offerings,
          serial_demonic, serial_demonic_f, serial_demonic_b, serial_demonic_b,
          serial_demonic_d, serial_demonic_e, serial_demonic_e,
          serial_demonic_c, serial_demonic_g, uniq_sigmund
D:7:      layout_gridville, nicolae_overflow_crystal_walls, enter_bailey_7
Bailey:   bailey_axe_of_yendor_kennysheep, bailey

Skill      XL: |  1  2  3  4  5  6  7  8  9 |
---------------+----------------------------+-----
Fighting       | 4 5 6 7 8 |  8.7
Axes           | 3 4 5 6 7 8 |  8.7
Armour         | 4 |  4.3
Dodging        | 1 2 3 4 6 |  6.9
Shields        | 4 |  4.0
Invocations    | 1 2 3 5 |  5.9

Action                     |  1- 3 |  4- 6 |  7- 9 || total
---------------------------+-------+-------+-------++-------
  Melee: War axe           |    48 |    87 |    49 ||   184
         Headbutt          |     3 |     8 |    40 ||    51
         Hand axe          |       |       |   175 ||   175
    Use: Potion            |       |     1 |     3 ||     4
 Armour: Scale mail        |    18 |    29 |    71 ||   118
  Dodge: Dodged            |    28 |    51 |   137 ||   216
  Block: Buckler           |     4 |    22 |    70 ||    96
